 Dungeon Crawl Stone Soup version 0.30-a0-297-g0ec75d9ef4 (webtiles) character file.

Game seed: 717973155407451943

368472 Bnni the Crack Shot (level 23, -23/195 HPs)
             Began as a Formicid Hunter on Oct 18, 2022.
             Was an Elder of Okawaru.
             Killed from afar by an iron dragon (29 damage)
             ... with a spray of metal splinters
             ... in the Arena.
             The game lasted 02:21:20 (41874 turns).

Bnni the Crack Shot (Formicid Hunter)              Turns: 41874, Time: 02:21:20

Health: -23/195    AC: 28    Str: 22 (24) XL:     23   Next: 66%
Magic:  18/32      EV: 22    Int: 12 (14) God:    Okawaru [****..]
Gold:   3679       SH: 27    Dex: 22 (23) Spells: 19/22 levels left

rFire   + + +      SeeInvis +    g - +9 triple crossbow (flame)
rCold   x . .      Faith    .    j - +4 tower shield of Qazlal's Approval {rElec rPois Int-2}
rNeg    . . .      Spirit   .    t - +0 fire dragon scales
rPois   +          Reflect  .    (helmet unavailable)
rElec   +          Harm     .    Q - +1 cloak {rF+}
rCorr   +          Rampage  .    D - +2 pair of gloves
Will    +++..                    N - +1 pair of boots {Fly}
Stlth   +++.......               H - amulet of regeneration
HPRegen 1.32/turn                r - ring of Qugouk {Will+ Str+3 Int+3 Slay+2 SInv}
MPRegen 0.23/turn                U - ring of Doisi {rPois rF+ rCorr Int+4 Stlth+}

@: heroic, finesse-ful, flying, studying Unarmed Combat, duelling, unable to
drink
A: permanent stasis, dig shafts and tunnels, antennae 3, four strong arms,
talons 1, deterioration 1, screaming 1, inability to drink after injury 1
}: 2/15 runes: serpentine, barnacled
a: Dig, Renounce Religion, Heroism, Finesse


You were in the Arena.
You worshipped Okawaru.
Okawaru was greatly pleased with you.
You visited 9 branches of the dungeon, and saw 38 of its levels.
You visited the Abyss 1 time.
You also visited: Trove, Bailey, Ice Cave and Volcano.

You collected 5172 gold pieces.
You spent 1493 gold pieces at shops.

Inventory:

Hand Weapons
 a - a +2 great sword of flaming
 e - the +10 hand crossbow of the Grave {penet, rElec rPois}
   (Okawaru gifted it to you on level 9 of the Dungeon)

   Any ammunition fired by it passes through the targets it hits, potentially
   hitting all targets in its path until it reaches maximum range.
   rElec:     It insulates you from electricity.
   rPois:     It protects you from poison.
 g - a +9 triple crossbow of flaming (weapon)
 F - a +2 triple crossbow of venom
 M - a +1 double sword of holy wrath
Missiles
 y - 5 throwing nets
 O - 5 curare-tipped darts
 V - 4 boomerangs of dispersal
Armour
 j - the +4 tower shield of Qazlal's Approval (worn) {rElec rPois Int-2}
   (You acquired it on level 2 of the Orcish Mines)

   Int:       It affects your intelligence (-2).
   rElec:     It insulates you from electricity.
   rPois:     It protects you from poison.
 t - +0 fire dragon scales (worn)
 D - a +2 pair of gloves (worn)
 N - a +1 pair of boots of flying (worn)
 Q - a +1 cloak of fire resistance (worn)
Jewellery
 o - a ring of positive energy
 r - the ring of Qugouk (left hand) {Will+ Str+3 Int+3 Slay+2 SInv}
   (You found it in a treasure trove)

   [ring of willpower]

   Str:       It affects your strength (+3).
   Int:       It affects your intelligence (+3).
   Slay:      It affects your accuracy & damage with ranged weapons and melee
   (+2).
   SInv:      It lets you see invisible.
   Will:      It increases your willpower.
 A - a ring of protection from cold
 C - a ring of positive energy
 H - an amulet of regeneration (around neck)
 P - the ring "Hef Dif" {Fly rPois}
   (You found it in a treasure trove)

   [ring of flight]

   rPois:     It protects you from poison.
   Fly:       It grants you flight.
 U - the ring of Doisi (right hand) {rPois rF+ rCorr Int+4 Stlth+}
   (You found it in a treasure trove)

   [ring of protection from fire]

   Int:       It affects your intelligence (+4).
   rF:        It protects you from fire.
   rPois:     It protects you from poison.
   rCorr:     It protects you from acid and corrosion.
   Stlth:     It makes you more stealthy.
 Y - the ring of Eternity {rElec rC++ SInv}
   (You bought it in a shop on level 2 of the Orcish Mines)

   [ring of see invisible]

   rC:        It greatly protects you from cold.
   rElec:     It insulates you from electricity.
   SInv:      It lets you see invisible.
Wands
 c - a wand of digging (11)
 l - a wand of mindburst (14)
 m - a wand of iceblast (26)
Scrolls
 b - 7 scrolls of immolation
 f - 2 scrolls of magic mapping
 n - 5 scrolls of enchant weapon
 q - 5 scrolls of fog
 s - a scroll of silence
 u - 8 scrolls of vulnerability
 v - 2 scrolls of amnesia
 G - 7 scrolls of enchant armour
 J - 3 scrolls of poison
Potions
 d - 5 potions of heal wounds
 h - 2 potions of cancellation
 i - 9 potions of might
 p - 7 potions of brilliance
 x - 15 potions of curing
 z - 7 potions of attraction
 B - 3 potions of resistance
 E - 2 potions of magic


   Skills:
 + Level 19.6(24.6) Fighting
 * Level 24.0(27) Ranged Weapons
 + Level 21.1(26.1) Armour
 + Level 13.0(18.0) Dodging
 - Level 1.2(6.2) Stealth
 - Level 15.0(20.0) Shields
 - Level 13.0 Invocations


You had 19 spell levels left.
You knew the following spells:

 Your Spells              Type           Power      Damage    Failure   Level
a - Portal Projectile     Hex/Tloc       0%         N/A       96%         3

Your spell library contained the following spells:

 Spells                   Type           Power      Damage    Failure   Level
 Beastly Appendage        Tmut           0%         N/A       69%         1
 Freeze                   Ice            0%         1d3       69%         1
 Magic Dart               Conj           0%         1d3       69%         1
 Sandblast                Erth           0%         2d4       69%         1
 Sting                    Tmut/Pois      0%         1d3       69%         1
 Cigotuvi's Dreadful Rot  Necr/Pois/Air  0%         N/A       83%         2
 Passwall                 Tmut/Erth      0%         N/A       83%         2
 Poisonous Vapours        Pois/Air       0%         N/A       83%         2
 Scorch                   Fire           0%         2d5       83%         2
 Searing Ray              Conj           0%         2d4       83%         2
 Sublimation of Blood     Necr           0%         N/A       83%         2
 Wereblood                Tmut           0%         N/A       83%         2
 Dazzling Flash           Conj/Hex       0%         N/A       96%         3
 Gell's Gravitas          Tloc           0%         N/A       96%         3
 Hailstorm                Conj/Ice       0%         3d3       96%         3
 Ignite Poison            Fire/Tmut/Pois 0%         N/A       96%         3
 Kindle Blastsparks       Fire/Tloc/Air  0%         2d10      96%         3
 Mephitic Cloud           Conj/Pois/Air  0%         N/A       96%         3
 Ozocubu's Armour         Ice            0%         N/A       96%         3
 Spider Form              Tmut/Pois      0%         N/A       96%         3
 Stone Arrow              Conj/Erth      0%         3d7       96%         3
 Teleport Other           Tloc           0%         N/A       96%         3
 Vhi's Electric Charge    Tloc/Air       0%         N/A       96%         3
 Dispel Undead            Necr           0%         3d6       100%        4
 Flame Wave               Conj/Fire      0%         2d4       100%        4
 Fulminant Prism          Conj/Hex       0%         3d6       100%        4
 Iskenderun's Mystic Bla  Conj/Tloc      0%         2d3       100%        4
 Manifold Assault         Tloc           0%         N/A       100%        4
 Olgreb's Toxic Radiance  Pois           0%         N/A       100%        4
 Petrify                  Tmut/Erth      0%         N/A       100%        4
 Sticky Flame             Conj/Fire      0%         2d3       100%        4
 Agony                    Necr           0%         N/A       100%        5
 Alistair's Intoxication  Tmut/Pois      0%         N/A       100%        5
 Arcjolt                  Conj/Air       0%         1d10      100%        5
 Blade Hands              Tmut           0%         N/A       100%        5
 Borgnjor's Vile Clutch   Necr/Erth      0%         N/A       100%        5
 Freezing Cloud           Conj/Ice/Air   0%         6-21      100%        5
 Irradiate                Conj/Tmut      0%         3d11      100%        5
 Iskenderun's Battlesphe  Conj           0%         2d6       100%        5
 Lee's Rapid Deconstruct  Erth           0%         3d4*      100%        5
 Metabolic Englaciation   Hex/Ice        0%         N/A       100%        5
 Silence                  Hex/Air        0%         N/A       100%        5
 Conjure Ball Lightning   Conj/Air       0%         3x3d6     100%        6
 Dispersal                Tloc           0%         N/A       100%        6
 Eringya's Noxious Bog    Tmut/Pois      0%         N/A       100%        6
 Iron Shot                Conj/Erth      0%         9d1       100%        6
 Statue Form              Tmut/Erth      0%         N/A       100%        6
 Dragon Form              Tmut           0%         N/A       100%        7
 Ozocubu's Refrigeration  Ice            0%         4d7       100%        7
 Disjunction              Tloc           0%         N/A       100%        8
 Ignition                 Fire           0%         3d3       100%        8
 Lehudib's Crystal Spear  Conj/Erth      0%         10d2      100%        8
 Maxwell's Capacitive Co  Air            0%         ∞         100%        8
 Chain Lightning          Conj/Air       0%         N/A       100%        9
 Fire Storm               Conj/Fire      0%         5d1       100%        9
 Polar Vortex             Ice            0%         N/A       100%        9
 Shatter                  Erth           0%         3d5*      100%        9
 Tukima's Dance           Hex            Unusable   N/A       N/A         3
 Animate Armour           Summ/Erth      Unusable   N/A       N/A         4
 Death Channel            Necr           Unusable   N/A       N/A         6
 Simulacrum               Ice/Necr       Unusable   N/A       N/A         6
 Summon Cactus Giant      Summ           Unusable   N/A       N/A         6
 Spellforged Servitor     Conj/Summ      Unusable   N/A       N/A         7
 Summon Hydra             Summ           Unusable   N/A       N/A         7

Dungeon Overview and Level Annotations

Branches:
Dungeon (15/15)            Temple (1/1) D:4            Lair (5/5) D:11
 Shoals (4/4) Lair:3        Snake (4/4) Lair:2        Slime (0/5) Lair:4
    Orc (2/2) D:12            Elf (2/3) Orc:2        Vaults (1/5) D:14
 Depths (4/4) D:15            Zot (0/5) Depths:4     Bailey (visited)
  IceCv (visited)         Volcano (visited)

Altars:
Ashenzari
Cheibriados
Dithmenos
Elyvilon
Fedhas
Gozag
Hepliaklqana
Kikubaaqudgha
Makhleb
Nemelex Xobeh
Okawaru
Qazlal
Ru
Trog
Uskayaw
Vehumet
Wu Jian
Yredelemnul
Zin
Jiyva

Shops:
D:5 [   Orc:2 (=*:   Shoals:1 *   Shoals:2 !   Shoals:3 [   Depths:2 :==
Depths:4 [(

Portals:
Hell: Depths:1 Depths:2 Depths:3 Depths:4
Abyss: Depths:2 Depths:3
Pandemonium: Depths:2
Ziggurat: Depths:4

Annotations:
Depths:4 Baemosu's ghost, veteran MiBe


Innate Abilities, Weirdness & Mutations

You cannot be hasted, slowed, berserked, paralysed or teleported.
You can dig through walls and to a lower floor.
You have a pair of large antennae on your head. (SInv)
Your four strong arms can wield two-handed weapons with a shield.
You have sharp toenails.
Your body sometimes deteriorates upon taking damage.
You occasionally shout uncontrollably at your foes.
You occasionally lose the ability to drink potions when taking damage.


Message History

You enter into single combat with the iron dragon!
The world spins around you as you enter the gateway.
You enter Okawaru's Arena!
You can no longer enter into single combat with a foe.
Okawaru will no longer gift you equipment.
The spectator shouts! x5
You block the iron dragon's attack. x3
Found a gate leading back out of this place.
There is an empty arch of ancient stone here.
You cannot drink potions in your current state!
Okay, then.
Throw: 5 boomerangs (disperse)
Press: ? - help, Shift-Dir - straight line, f - iron dragon
Aim: an iron dragon (84% to hit)
You throw a boomerang of dispersal. The spectator shouts!
The spectator shouts! x4
The boomerang of dispersal hits the iron dragon!!
The iron dragon blinks!
The iron dragon is lightly wounded.
Fire: g) +9 triple crossbow (flame)
Press: ? - help, Q - select action, (/) - cycle Shift-Dir - straight line, f/p - iron dragon
Aim: an iron dragon (lightly wounded, 87% to hit)
You shoot a bolt. The bolt barely misses the iron dragon.
Fire: g) +9 triple crossbow (flame)
Press: ? - help, Q - select action, (/) - cycle Shift-Dir - straight line, f/p - iron dragon
Aim: an iron dragon (lightly wounded, 87% to hit)
You shoot a bolt.
The bolt hits the iron dragon but does no damage.
The iron dragon is lightly wounded.
Fire: g) +9 triple crossbow (flame)
Press: ? - help, Q - select action, (/) - cycle Shift-Dir - straight line, f/p - iron dragon
Aim: an iron dragon (lightly wounded, 87% to hit)
You shoot a bolt. The bolt hits the iron dragon!!!
The bolt burns the iron dragon.
The iron dragon is heavily wounded.
The iron dragon breathes metal splinters at you.
The spray of metal splinters hits you!!
You die...
Okawaru crowns the iron dragon victorious!

###########
#..p▓∩▓p..# ##
▓▓▓▓▓▓▓▓▓ ##
#.▓ ....... ▓.#
#.▓.#.....#.▓.#
#p▓....D....▓p#
#▓▓.........▓▓#
#p▓....@§...▓p#
#▓▓.........▓▓#
#p▓.........▓p#
#.▓.#.....#.▓.#
#.▓ ....... ▓.#
## ▓▓▓▓▓▓▓▓▓ ##
#..p▓p▓p..#
###########


You could see an iron dragon (catching breath).

Vanquished Creatures
  The ghost of Rerchoir the Slayer, a master DsFi of Gozag (Depths:4)
  A juggernaut (Arena)
  3 golden dragons
  5 caustic shrikes
  Jorgrun (Orc:2)
  An iron giant (Arena)
  4 liches
  A deep elf blademaster (Elf:2)
  2 tentacled starspawn (Abyss:2)
  A sphinx (shapeshifter) (D:15)
  3 tengu reavers
  The ghost of Keqithrua the Black Belt, an adept DsGl of Nemelex Xobeh (Shoals:2)
  Agnes (Snake:2)
  Frances (Snake:2)
  A storm dragon (Depths:2)
  Kirke (Shoals:1)
  The ghost of Morbidden the Thaumaturge, an adept VSCj of Cheibriados (Shoals:1)
  The ghost of Liclukal the Fencer, an adept DrGl of Ashenzari (Depths:4)
  Donald (Snake:3)
  Ilsuiw (Arena)
  8 nagarajas
  Roxanne (Snake:2)
  6 frost giants
  2 fire giants
  A draconian scorcher (Depths:4)
  3 vault wardens (Vaults:1)
  2 deep elf sorcerers
  A balrug (Depths:1)
  Louise (Elf:2)
  A juggernaut zombie (Depths:3)
  2 cacodemons
  4 orc warlords
  2 spriggan defenders (Depths:3)
  4 draconian stormcallers (Depths:4)
  An ironbound preserver (D:14)
  11 very ugly things
  An ironbound thunderhulk (Vaults:1)
  A green draconian (Depths:4)
  6 stone giants
  A juggernaut skeleton (Depths:3)
  A purple draconian (Depths:4)
  A vampire knight (Depths:3)
  Nessos (D:12)
  A dire elephant (Vaults:1)
  2 yellow draconians (Depths:4)
  3 spark wasps (Depths:3)
  Josephine (D:12)
  The ghost of onwiheg the Spry, a journeyman MfGl of Okawaru (D:9)
  4 fire dragons
  9 merfolk javelineers
  3 ettins
  5 merfolk impalers
  6 ice dragons
  6 jiangshi
  2 yaktaur captains (Vaults:1)
  The ghost of Morbidden the Grappler, a journeyman TrAE of Cheibriados (D:9)
  Harold (D:9)
  A vault guard (Vaults:1)
  2 rakshasas
  6 hydras
  Erolcha (Orc:2)
  2 salamander tyrants (Snake:4)
  An alligator snapping turtle (Shoals:2)
  3 merfolk avatars (Shoals:4)
  4 spriggan air magi
  A catoblepas (Lair:3)
  4 boulder beetles
  15 anacondas
  2 ironbound frosthearts (Vaults:1)
  6 centaur warriors
  6 merfolk aquamancers
  8 two-headed ogres
  A two-headed ogre (shapeshifter) (Depths:3)
  The ghost of flt the Transmogrifier, a novice DgTm (D:10)
  6 death yaks
  7 deep troll shamans
  19 naga warriors
  6 orc high priests
  4 vampire magi
  A thrashing horror (Abyss:2)
  20 dancing weapons
  10 deep troll earth magi
  A satyr (Shoals:3)
  2 spriggan berserkers
  Urug (Lair:3)
  14 deep elf knights
  3 spriggans (Depths:3)
  3 tengu warriors
  Sonja (Lair:2)
  13 naga sharpshooters
  A hell knight (Volcano)
  7 shock serpents
  9 iron trolls
  7 salamander mystics
  A wretched star (Abyss:2)
  3 large abominations (Abyss:2)
  3 sixfirhies
  9 sea snakes
  A flayed ghost (Depths:4)
  3 glowing orange brains
  A goliath frog (Lair:5)
  19 deep trolls
  2 golden dragon zombies
  5 deep elf archers
  An ironbound convoker (Vaults:1)
  An obsidian statue (Shoals:1)
  8 naga ritualists
  2 lindwurms
  21 harpies
  4 wizards
  A harpy (shapeshifter) (D:14)
  2 phantasmal warriors (Depths:3)
  2 necromancers
  21 deep elf pyromancers
  6 orc sorcerers
  32 ugly things
  9 orc knights
  A lindwurm (shapeshifter) (Depths:3)
  11 mana vipers
  23 deep elf zephyrmancers
  16 salamanders
  6 cyclopes
  A worldbinder (Abyss:2)
  19 manticores
  9 elephants (Lair:4)
  3 fauns (Shoals:2)
  4 guardian serpents
  A rust devil (Depths:2)
  40 black mambas
  Joseph (D:9)
  A frost giant skeleton (Depths:2)
  A black mamba (shapeshifter) (Depths:3)
  9 merfolk sirens
  2 vault sentinels (Vaults:1)
  7 water nymphs
  4 smoke demons
  2 gargoyles
  16 naga magi
  2 ice statues (IceCv)
  2 kobold demonologists
  8 rime drakes
  4 unseen horrors
  14 cane toads
  4 yaktaurs (Vaults:1)
  14 komodo dragons
  An efreet (D:10)
  A freezing wraith (D:10)
  An ice devil (Depths:2)
  6 tengu conjurers
  6 trolls
  38 merfolk
  4 meliai
  4 tyrant leeches (Lair:5)
  23 blink frogs
  4 hornets
  3 polar bears
  27 slime creatures
  An ice dragon zombie (Abyss:2)
  7 wind drakes
  2 frost giant simulacra (Depths:1)
  A dream sheep (shapeshifter) (D:14)
  15 dream sheep
  10 snapping turtles
  2 shadows
  A spriggan (shapeshifter) (Depths:3)
  3 air elementals (Elf:1)
  8 wraiths
  A ynoxinul (Abyss:2)
  18 water elementals
  63 yaks
  2 wyverns
  4 humans (Shoals:1)
  4 basilisks
  A basilisk (shapeshifter) (D:14)
  A chaos spawn (Abyss:2)
  A neqoxec (Abyss:2)
  3 small abominations (Abyss:2)
  16 vampire mosquitoes
  3 wargs
  2 steam dragons (D:8)
  73 nagas
  4 acid dragons
  8 water moccasins
  2 hell hounds (Abyss:2)
  33 orc warriors
  2 human skeletons
  A swamp drake (shapeshifter) (Depths:3)
  2 ogres
  4 ice beasts
  8 black bears
  5 wolves (Lair:4)
  4 phantoms
  17 centaurs
  A kobold brigand (D:8)
  A gnoll sergeant (D:5)
  14 bullfrogs
  2 necrophages
  2 earth elementals
  4 scorpions
  A glowing shapeshifter simulacrum (Depths:3)
  15 killer bees
  5 lindwurm simulacra (IceCv)
  2 electric eels (D:7)
  3 howler monkeys
  A crimson imp (Abyss:2)
  4 hounds
  9 komodo dragon simulacra (IceCv)
  A jelly (D:6)
  A gnoll bouda (D:7)
  10 orc priests
  5 iguanas
  24 orc wizards
  6 hell rats (Lair:5)
  Robin (D:3)
  4 adders
  19 gnolls
  An acid dragon simulacrum (IceCv)
  5 white imps
  6 steam dragon simulacra (IceCv)
  4 worms
  4 dart slugs
  67 orcs
  4 bats
  7 endoplasms
  2 giant cockroaches
  29 goblins
  12 hobgoblins
  8 jackals
  6 quokkas
  4 ball pythons
  3 frilled lizards
  10 kobolds
  3 rats
1480 creatures vanquished.

Vanquished Creatures (others)
  A fire giant (Depths:2)
  A deep elf pyromancer (Elf:1)
  A manticore (Shoals:4)
  A human (Shoals:1)
  32 fungi
  183 plants
  2 starspawn tentacles (Abyss:2)
  6 withered plants (D:9)
227 creatures vanquished.

Grand Total: 1707 creatures vanquished

Notes
Turn   | Place    | Note
-------+----------+-------------------------------------------
     0 | D:1      | Bnni the Formicid Hunter began the quest for the Orb.
     0 | D:1      | Reached XP level 1. HP: 16/16 MP: 1/1
   189 | D:1      | Reached XP level 2. HP: 23/23 MP: 2/2
   592 | D:2      | Reached XP level 3. HP: 28/28 MP: 3/3
   642 | D:2      | Found a faded altar of an unknown god.
   952 | D:2      | Reached XP level 4. HP: 35/35 MP: 4/4
  1044 | D:2      | Reached skill level 5 in Ranged Weapons
  1618 | D:3      | Noticed Robin
  1640 | D:3      | Killed Robin
  1641 | D:3      | Reached XP level 5. HP: 28/41 MP: 5/5
  1997 | D:4      | Noticed an ice beast
  2003 | D:4      | Killed an ice beast
  2004 | D:4      | Reached skill level 6 in Ranged Weapons
  2004 | D:4      | Reached XP level 6. HP: 48/48 MP: 6/6
  2006 | D:4      | Found a staircase to the Ecumenical Temple.
  2015 | Temple   | Entered the Ecumenical Temple
  2065 | Temple   | Became a worshipper of Warmaster Okawaru
  2479 | D:5      | Entered Level 5 of the Dungeon
  2479 | D:5      | Found Tufink's Antique Armour Boutique.
  2665 | D:5      | Reached XP level 7. HP: 38/55 MP: 7/7
  2745 | D:5      | Reached skill level 7 in Ranged Weapons
  2775 | D:5      | Reached skill level 1 in Invocations
  2781 | D:5      | Reached * piety under Okawaru
  2782 | D:5      | Reached skill level 5 in Fighting
  3114 | D:5      | Reached XP level 8. HP: 40/63 MP: 9/9
  3333 | D:5      | Reached skill level 8 in Ranged Weapons
  3342 | D:5      | Reached ** piety under Okawaru
  3592 | D:5      | Found a blossoming altar of Fedhas.
  3980 | D:5      | Reached XP level 9. HP: 23/71 MP: 10/12
  3984 | D:5      | Reached skill level 9 in Ranged Weapons
  4467 | D:6      | Reached skill level 5 in Invocations
  4647 | D:6      | Reached *** piety under Okawaru
  5336 | D:7      | Reached skill level 10 in Ranged Weapons
  5526 | D:7      | Found a broken altar of Ashenzari.
  5870 | D:7      | Noticed a hornet
  5902 | D:7      | Killed a hornet
  5903 | D:7      | Reached XP level 10. HP: 66/80 MP: 14/14
  6854 | D:8      | Noticed a two-headed ogre
  6864 | D:8      | Killed a two-headed ogre
  6864 | D:8      | Reached **** piety under Okawaru
  6865 | D:8      | Reached skill level 11 in Ranged Weapons
  6902 | D:8      | HP: 3/123 [yak (11)]
  7183 | D:8      | Noticed a two-headed ogre
  7197 | D:8      | Killed a two-headed ogre
  7209 | D:8      | Noticed a cyclops
  7505 | D:8      | Found a hazy altar of Hepliaklqana.
  7544 | D:8      | Reached skill level 12 in Ranged Weapons
  7552 | D:8      | Reached XP level 11. HP: 57/89 MP: 17/17
  7603 | D:8      | Reached ***** piety under Okawaru
  8078 | D:8      | Killed a cyclops
  8079 | D:8      | Reached skill level 1 in Armour
  8593 | D:9      | Noticed Harold
  8624 | D:9      | Killed Harold
  9233 | D:9      | Reached skill level 13 in Ranged Weapons
  9269 | D:9      | Found a runed translucent gate.
  9270 | D:9      | Found a runed translucent gate.
  9271 | D:9      | Found a runed translucent gate.
  9273 | D:9      | Noticed onwiheg's ghost (journeyman MfGl)
  9273 | D:9      | Noticed Morbidden's ghost (journeyman TrAE)
  9289 | D:9      | Noticed Joseph
  9297 | D:9      | Killed Joseph
  9548 | D:9      | Reached skill level 10 in Fighting
  9816 | D:9      | Identified the +10 hand crossbow of the Grave {penet, rElec
                  | rPois} (Okawaru gifted it to you on level 9 of the Dungeon)
  9816 | D:9      | Received a gift from Okawaru
  9827 | D:9      | Reached skill level 5 in Armour
 10346 | D:9      | Killed Morbidden's ghost
 10348 | D:9      | Killed onwiheg's ghost
 10349 | D:9      | Reached XP level 12. HP: 34/98 MP: 12/18
 10605 | D:10     | Entered Level 10 of the Dungeon
 10709 | D:10     | Found a runed translucent gate.
 10710 | D:10     | Found a runed translucent gate.
 10712 | D:10     | Found a runed translucent gate.
 10714 | D:10     | Noticed flt's ghost (novice DgTm)
 10730 | D:10     | Killed flt's ghost
 10840 | D:10     | Identified the +6 broad axe of Starshine {antimagic, rPois
                  | rF- rC+++ Dex+2} (Okawaru gifted it to you on level 10 of
                  | the Dungeon)
 10840 | D:10     | Received a gift from Okawaru
 10872 | D:10     | Noticed a centaur warrior
 10875 | D:10     | Reached skill level 14 in Ranged Weapons
 10882 | D:10     | Killed a centaur warrior
 10951 | D:10     | Found an ornate altar of the Wu Jian Council.
 10969 | D:10     | Reached skill level 5 in Dodging
 10985 | D:10     | Noticed a seven-headed hydra
 10988 | D:10     | Killed a seven-headed hydra
 11091 | D:10     | Noticed a two-headed ogre
 11095 | D:10     | Killed a two-headed ogre
 11122 | D:10     | Received a gift from Okawaru
 11139 | D:10     | Identified the +2 robe of Nusemp {Rampage Drain rC++
                  | Archmagi}
 11238 | D:10     | Found a flagged portal.
 11246 | Bailey   | Entered a bailey
 11322 | Bailey   | Reached XP level 13. HP: 106/106 MP: 19/19
 11419 | Bailey   | Noticed an orc warlord
 11441 | Bailey   | Killed an orc warlord
 11457 | Bailey   | Reached skill level 16 in Ranged Weapons
 11457 | Bailey   | Reached XP level 14. HP: 99/113 MP: 16/20
 12447 | D:11     | Found a staircase to the Lair.
 12781 | D:11     | Identified a scroll of acquirement
 12781 | D:11     | Acquired 579 gold pieces
 12876 | D:12     | Noticed Nessos
 12884 | D:12     | Killed Nessos
 12885 | D:12     | Reached skill level 10 in Armour
 12968 | D:12     | Noticed Josephine
 12979 | D:12     | Reached skill level 17 in Ranged Weapons
 12985 | D:12     | Killed Josephine
 13294 | D:12     | Identified the +4 crystal plate armour of the Will of the
                  | Gods {rCorr SInv} (Okawaru gifted it to you on level 12 of
                  | the Dungeon)
 13294 | D:12     | Received a gift from Okawaru
 13655 | D:12     | Found a staircase to the Orcish Mines.
 14008 | D:13     | Found a portal to a secret trove of treasure.
 15173 | D:14     | Reached XP level 15. HP: 122/122 MP: 21/21
 15579 | D:14     | Found a gate to the Vaults.
 15579 | D:14     | Noticed an ironbound preserver
 15586 | D:14     | Reached skill level 1 in Shields
 15593 | D:14     | Killed an ironbound preserver
 15691 | D:14     | Reached skill level 18 in Ranged Weapons
 15741 | D:14     | Identified the +5 chain mail of Chill Winds {Str+2 Int+2}
                  | (Okawaru gifted it to you on level 14 of the Dungeon)
 15741 | D:14     | Received a gift from Okawaru
 16579 | D:15     | Entered Level 15 of the Dungeon
 16843 | D:15     | Reached skill level 5 in Shields
 16853 | D:15     | HP: 3/124 [acid (8)]
 17607 | D:15     | Noticed a sphinx
 17614 | D:15     | Killed a sphinx
 17651 | D:15     | Found a staircase to the Depths.
 17660 | D:15     | Reached ****** piety under Okawaru
 17903 | D:15     | Received a gift from Okawaru
 18252 | Lair:1   | Entered Level 1 of the Lair of Beasts
 18876 | Lair:1   | Reached XP level 16. HP: 132/132 MP: 22/22
 18976 | Lair:2   | Noticed Sonja
 18978 | Lair:2   | Killed Sonja
 19112 | Lair:2   | Found a dark tunnel.
 19120 | Volcano  | Entered a volcano
 19145 | Volcano  | Found a bloodstained altar of Trog.
 19295 | Volcano  | Reached skill level 15 in Armour
 19622 | Lair:2   | Found a staircase to the Snake Pit.
 20549 | Lair:3   | Found a staircase to the Shoals.
 20558 | Lair:3   | Noticed Urug
 20564 | Lair:3   | Killed Urug
 20994 | Lair:3   | Learned a level 3 spell: Portal Projectile
 21512 | Lair:4   | Found a staircase to the Slime Pits.
 21512 | Lair:4   | Found a viscous altar of Jiyva.
 21545 | Lair:4   | Acquired a +2 kite shield of positive energy
 21609 | Lair:4   | Found a frozen archway.
 21618 | IceCv    | Entered an ice cave
 21746 | IceCv    | Reached skill level 10 in Invocations
 21809 | IceCv    | Identified the +1 kite shield of Okawaru's Esteem {Dex+4}
                  | (Okawaru gifted it to you in an ice cave)
 21809 | IceCv    | Received a gift from Okawaru
 21933 | IceCv    | Got the Commentary on the Glacier
 22538 | Lair:5   | Entered Level 5 of the Lair of Beasts
 22776 | Lair:5   | Reached XP level 17. HP: 118/140 MP: 25/25
 23253 | Lair:5   | Reached skill level 10 in Dodging
 23586 | Orc:1    | Entered Level 1 of the Orcish Mines
 23838 | Orc:2    | Entered Level 2 of the Orcish Mines
 23868 | Orc:2    | Noticed Jorgrun
 23884 | Orc:2    | Killed Jorgrun
 23884 | Orc:2    | Identified the +0 shortbow "Jucerchu" {venom, Str+4}
                  | (Okawaru gifted it to you on level 2 of the Orcish Mines)
 23884 | Orc:2    | Received a gift from Okawaru
 24174 | Orc:2    | Noticed Erolcha
 24182 | Orc:2    | Killed Erolcha
 24301 | Orc:2    | Found a staircase to the Elven Halls.
 24574 | Orc:2    | Found Ibuopruc's Antique Weapon Shop.
 24574 | Orc:2    | Found Saaxt's Book Shoppe.
 24576 | Orc:2    | Found Unlilec's General Store.
 24576 | Orc:2    | Found Sufulot's Jewellery Shop.
 24589 | Orc:2    | Bought a scroll of acquirement for 572 gold pieces
 24590 | Orc:2    | Bought the ring of Eternity {rElec rC++ SInv} for 465 gold
                  | pieces
 24606 | Orc:2    | Acquired the +4 tower shield of Qazlal's Approval {rElec
                  | rPois Int-2}
 24748 | Orc:2    | Bought an amulet of regeneration for 300 gold pieces
 24791 | Elf:1    | Entered Level 1 of the Elven Halls
 24894 | Elf:1    | Received a gift from Okawaru
 25060 | Elf:1    | Found a runed translucent door.
 25151 | Elf:1    | Identified the +2 leather armour of the Hills {rF+ Dex+5}
 25220 | Elf:1    | Reached skill level 15 in Fighting
 25386 | Elf:1    | Received a gift from Okawaru
 25396 | Elf:1    | Got the Lectures on the Barrage
 25933 | Elf:2    | Reached XP level 18. HP: 126/149 MP: 27/27
 26082 | Elf:2    | Found a runed translucent gate.
 26082 | Elf:2    | Found a runed translucent gate.
 26093 | Elf:2    | Found a runed translucent gate.
 26261 | Elf:2    | Noticed a deep elf blademaster
 26275 | Elf:2    | Killed a deep elf blademaster
 26278 | Elf:2    | Received a gift from Okawaru
 26624 | Elf:2    | Received a gift from Okawaru
 26626 | Elf:2    | Noticed Louise
 26637 | Abyss:2  | Cast into level 2 of the Abyss (Louise)
 26671 | Abyss:2  | Noticed a lich
 26681 | Abyss:2  | Killed a lich
 26766 | Abyss:2  | Gained mutation: You have hidden genetic defects. [a
                  | cacodemon]
 26795 | Abyss:2  | Reached skill level 10 in Shields
 26805 | Abyss:2  | Gained mutation: You occasionally shout uncontrollably at
                  | your foes. [a neqoxec]
 26949 | Elf:2    | Escaped the Abyss
 26973 | Elf:2    | Killed Louise
 27278 | Elf:2    | Gained mutation: You are weak. (Str -2) [hidden defects]
 27329 | Elf:2    | Lost mutation: You have hidden genetic defects. [potion of
                  | mutation]
 27329 | Elf:2    | Lost mutation: You occasionally shout uncontrollably at
                  | your foes. [potion of mutation]
 27329 | Elf:2    | Gained mutation: Armour fits poorly on your strangely
                  | shaped body. [potion of mutation]
 27556 | Depths:1 | Entered Level 1 of the Depths
 27564 | Depths:1 | Reached skill level 19 in Ranged Weapons
 27594 | Arena    | Entered the Arena
 27821 | Snake:1  | Entered Level 1 of the Snake Pit
 27866 | Snake:1  | Received a gift from Okawaru
 27981 | Snake:1  | Reached XP level 19. HP: 157/157 MP: 28/28
 28580 | Snake:2  | Noticed Frances
 28588 | Snake:2  | Killed Frances
 28597 | Snake:2  | Received a gift from Okawaru
 28689 | Snake:2  | Noticed Agnes
 28694 | Snake:2  | Killed Agnes
 28776 | Snake:2  | Identified Roxanne's Omnibus of Shaping
 28776 | Snake:2  | Noticed Roxanne
 28797 | Snake:2  | Killed Roxanne
 28805 | Snake:2  | Lost mutation: Armour fits poorly on your strangely shaped
                  | body. [potion of mutation]
 28805 | Snake:2  | Lost mutation: You are weak. (Str -2) [potion of mutation]
 28805 | Snake:2  | Gained mutation: You are weak. (Str -2) [potion of
                  | mutation]
 28805 | Snake:2  | Gained mutation: You occasionally lose the ability to drink
                  | potions when taking damage. [potion of mutation]
 28805 | Snake:2  | Gained mutation: Your body sometimes deteriorates upon
                  | taking damage. [potion of mutation]
 30030 | Snake:3  | Noticed Donald
 30050 | Snake:3  | Killed Donald
 30459 | Snake:3  | Reached skill level 20 in Ranged Weapons
 30459 | Snake:3  | Identified the +2 tower shield "Toacut" {Int+4} (Okawaru
                  | gifted it to you on level 3 of the Snake Pit)
 30459 | Snake:3  | Received a gift from Okawaru
 31169 | Snake:4  | Entered Level 4 of the Snake Pit
 31455 | Snake:4  | Reached XP level 20. HP: 163/166 MP: 29/29
 31560 | Snake:4  | Identified the +6 mace of Chance {freeze, rCorr Str+3
                  | Dex+2}
 32218 | Snake:4  | Received a gift from Okawaru
 32302 | Snake:4  | Got a serpentine rune of Zot
 32514 | Shoals:1 | Entered Level 1 of the Shoals
 32598 | Shoals:1 | Found a runed translucent gate.
 32598 | Shoals:1 | Found a runed translucent gate.
 32598 | Shoals:1 | Found a runed translucent gate.
 32599 | Shoals:1 | Found an opulent altar of Gozag.
 32599 | Shoals:1 | Found Qimaok's Assorted Antiques.
 32600 | Shoals:1 | Noticed Morbidden's ghost (adept VSCj)
 32649 | Shoals:1 | Killed Morbidden's ghost
 32656 | Shoals:1 | Reached skill level 21 in Ranged Weapons
 32940 | Shoals:1 | Lost mutation: You occasionally lose the ability to drink
                  | potions when taking damage. [potion of mutation]
 32940 | Shoals:1 | Lost mutation: You are weak. (Str -2) [potion of mutation]
 32940 | Shoals:1 | Gained mutation: You have sharp toenails. [potion of
                  | mutation]
 32940 | Shoals:1 | Gained mutation: You occasionally shout uncontrollably at
                  | your foes. [potion of mutation]
 33073 | Shoals:1 | Noticed Kirke
 33083 | Shoals:1 | Killed Kirke
 33330 | Shoals:2 | Found a runed translucent gate.
 33330 | Shoals:2 | Found a runed translucent gate.
 33330 | Shoals:2 | Found a runed translucent gate.
 33337 | Shoals:2 | Noticed Keqithrua's ghost (adept DsGl)
 33625 | Shoals:2 | Received a gift from Okawaru
 34042 | Shoals:2 | Found Voutoik's Distillery.
 34045 | Shoals:2 | Bought a potion of heal wounds for 60 gold pieces
 34045 | Shoals:2 | Bought a potion of ambrosia for 96 gold pieces
 34264 | Shoals:2 | Reached XP level 21. HP: 171/175 MP: 26/30
 34279 | Shoals:2 | Killed Keqithrua's ghost
 34304 | Shoals:2 | Identified the +1 hat "Ixketag" {rC+ rN+}
 34437 | Shoals:3 | Received a gift from Okawaru
 34824 | Shoals:3 | Found Coqeim's Armour Boutique.
 34942 | Shoals:3 | Found a snail-covered altar of Cheibriados.
 35361 | D:13     | You paid a toll of 7 scrolls of fear to enter a treasure
                  | trove
 35362 | Trove    | Entered a treasure trove
 35389 | Trove    | Identified the ring of Qugouk {Will+ Str+3 Int+3 Slay+2
                  | SInv}
 35391 | Trove    | Identified the ring "Vous Sor" {Dex+2 Slay+4}
 35395 | Trove    | Identified the ring "Hef Dif" {Fly rPois}
 35399 | Trove    | Identified the ring of Doisi {rPois rF+ rCorr Int+4 Stlth+}
 35627 | Shoals:4 | Entered Level 4 of the Shoals
 35632 | Shoals:4 | Noticed Ilsuiw
 35643 | Arena    | Entered the Arena
 35661 | Arena    | Killed Ilsuiw
 36242 | Shoals:4 | Reached skill level 15 in Shields
 36411 | Shoals:4 | Got a barnacled rune of Zot
 36481 | Shoals:4 | Reached skill level 22 in Ranged Weapons
 37135 | Vaults:1 | Entered Level 1 of the Vaults
 37140 | Vaults:1 | Identified the +6 hand crossbow "Pumpaim" {venom, rC- Str+6
                  | Int+6} (Okawaru gifted it to you on level 1 of the Vaults)
 37140 | Vaults:1 | Received a gift from Okawaru
 37216 | Vaults:1 | Identified the +1 chain mail of Articulation {rC+}
 37462 | Depths:1 | Gained mutation: You occasionally lose the ability to drink
                  | potions when taking damage. [a neqoxec]
 37497 | Depths:1 | Identified the +7 shortbow "Idghivam" {vorpal, Dex+3}
 37498 | Depths:1 | Identified the +3 war axe "Haecrui" {flame, *Noise rF+++
                  | Will- Str+6}
 37848 | Depths:1 | Reached XP level 22. HP: 185/185 MP: 31/31
 37870 | Depths:1 | Received a gift from Okawaru
 38144 | Depths:1 | Found a gateway to Hell.
 38291 | Depths:2 | Found a one-way gate to the infinite horrors of the Abyss.
 38409 | Depths:2 | Noticed a juggernaut
 38411 | Depths:2 | Found a hide-covered altar of Uskayaw.
 38414 | Arena    | Entered the Arena
 38421 | Arena    | Killed a juggernaut
 38798 | Depths:2 | Found a one-way gate leading to the halls of Pandemonium.
 38821 | Depths:2 | Found Zoyppe's Jewellery Boutique.
 38823 | Depths:2 | Found Sefuly's Book Emporium.
 38824 | Depths:2 | Found Parydomel's Jewellery Boutique.
 39207 | Depths:3 | Found a radiant altar of Vehumet.
 39217 | Depths:3 | Identified the +2 hat of the Endless Expanse {Slay+2}
 39218 | Depths:3 | Identified the +2 hat of the Divine God {rPois Dex+3}
 39235 | Depths:3 | Identified the +0 hat of the Little Devil {Fly rN+ Int-3}
 39247 | Depths:3 | Identified the +1 robe of the Land of Plenty {Str-3 Dex+3
                  | SInv}
 39337 | Depths:3 | Identified the +8 scale mail of Okawaru's Supremacy {rC+
                  | Will+ Str+4} (Okawaru gifted it to you on level 3 of the
                  | Depths)
 39337 | Depths:3 | Received a gift from Okawaru
 39338 | Depths:3 | Reached skill level 23 in Ranged Weapons
 39760 | Depths:3 | Identified the +1 helmet "Fauroylism" {Harm}
 39884 | Depths:3 | Identified the amulet of the Enemy {RegenMP rF+}
 40078 | Depths:3 | Noticed a golden dragon
 40083 | Depths:3 | Noticed a golden dragon
 40084 | Depths:3 | Killed a golden dragon
 40087 | Depths:3 | Killed a golden dragon
 40400 | Depths:4 | Entered Level 4 of the Depths
 40403 | Depths:4 | Noticed a caustic shrike
 40546 | Depths:4 | Reached XP level 23. HP: 172/194 MP: 32/32
 40565 | Depths:4 | Found a runed translucent door.
 40569 | Depths:4 | Noticed Liclukal's ghost (adept DrGl)
 40641 | Depths:4 | Found a one-way gateway to a ziggurat.
 40715 | Depths:4 | Found Tokh's Armour Shoppe.
 40729 | Depths:4 | Noticed a caustic shrike
 40730 | Depths:4 | Noticed a caustic shrike
 40730 | Depths:4 | Noticed a caustic shrike
 40731 | Depths:4 | Noticed a caustic shrike
 40737 | Arena    | Entered the Arena
 40739 | Arena    | Killed a caustic shrike
 40752 | Arena    | Entered the Arena
 40765 | Arena    | Killed a caustic shrike
 40786 | Depths:4 | Killed a caustic shrike
 40791 | Depths:4 | Killed a caustic shrike
 40797 | Depths:4 | Killed a caustic shrike
 40852 | Depths:4 | Found Peja Daet's Weapon Shoppe.
 40968 | Depths:4 | Received a gift from Okawaru
 40991 | Depths:4 | Noticed a golden dragon
 40995 | Depths:4 | Killed a golden dragon
 41009 | Depths:4 | Found a gate to the Realm of Zot.
 41666 | Depths:4 | Killed Liclukal's ghost
 41684 | Depths:4 | Found a runed translucent door.
 41688 | Depths:4 | Noticed Rerchoir's ghost (master DsFi)
 41690 | Depths:4 | Found the +5 robe of Night {Dark Will+ SInv}
 41725 | Depths:4 | Killed Rerchoir's ghost
 41730 | Depths:4 | Reached skill level 24 in Ranged Weapons
 41822 | Depths:4 | Found a runed translucent door.
 41822 | Depths:4 | Noticed Baemosu's ghost (veteran MiBe)
 41831 | Arena    | Entered the Arena
 41868 | Depths:4 | HP: 1/195 [iron dragon/spray of metal splinters (40)]
 41870 | Arena    | Entered the Arena
 41874 | Arena    | Killed from afar by an iron dragon

Illustrated notes

Levels and vault maps discovered:
D:1:      dpeg_arrival_simpleton_b, layout_basic, due_unseen_surprise
D:2:      minmay_chambers_of_ones, layout_basic,
          chequers_ecumenical_altar_simple_redux
D:3:      layout_basic, uniq_robin
D:4:      layout_cave_pools, minmay_temple_entry_wispy
D:5:      minmay_octagon_keep, layout_basic, fedhas_altar_3,
          nicolae_stop_n_shop_2
D:6:      layout_basic, small_statue_intersection
D:7:      layout_loops_ring, mainiacjoe_overflow_boulevard, water_maze_lemuel
D:8:      layout_loops_ring, mainiacjoe_overflow_small_starburst,
          minmay_manual_monstrance
D:9:      layout_loops_ring, gammafunk_ghost_cemetery, uniq_joseph, uniq_harold
D:10:     hangedman_cross_cluster, layout_cave_pools,
          lightli_bailey_entry_fortress, ebering_ghost_rock_garden
D:11:     layout_grid_maze, grunt_lair_entry_orc_guard_hut
D:12:     layout_basic, orc_0_dummy, grunt_ministairs_2, chequers_jeans,
          uniq_nessos, uniq_josephine
D:13:     layout_loops_ring, enter_trove_1
D:14:     layout_irregular_city, skrybe_vaults_entry_preservation,
          hangedman_abyss_or_decor_jellyfish_corner,
          dreamdust_deal_with_the_devil
D:15:     hangedman_depths_entry_try_elsewhere_first, layout_stronghold,
          chequers_serial_rivers_small_a
Temple:   compressed_dpeg_triangle_lava_temple
Lair:1:   layout_hall_layers
Lair:2:   layout_cave_pods, guppyfry_snake_entry_island, enter_volcano_1,
          chequers_serial_rivers_micro_b, uniq_sonja
Lair:3:   layout_regular_city, minmay_shoals_entry_centaurs, grunt_megastairs_4,
          uniq_urug
Lair:4:   layout_gridlike, slime_entry_1, portal_ice_cave_entry_pillars_2,
          grunt_forest_small_clearing_treed, grunt_megastairs_1
Lair:5:   minmay_lair_end_frog_pond, layout_loops_ring, lemuel_fruit_tree
Shoals:1: layout_shoals, ebering_ghost_gozag, uniq_kirke
Shoals:2: layout_shoals, gammafunk_ghost_tricky_traps, serial_shops,
          nicolae_shop_window_shopping
Shoals:3: layout_shoals, serial_shops, nicolae_shop_crystal,
          lemuel_centaur_altar
Shoals:4: shoals_end_hangedman, layout_shoals, shoals_ilsuiw_ice
Snake:1:  layout_onion_interference
Snake:2:  layout_layer_cave, serial_bayou_shore_b, uniq_agnes, uniq_roxanne,
          uniq_frances
Snake:3:  layout_layer_cave, grunt_megastairs_3, uniq_donald
Snake:4:  minmay_snake_end_coiled, layout_onion, grunt_ministairs_2
Orc:1:    layout_diamond_mine, serial_shops, shop, mines1_david
Orc:2:    grunt_orc_tribal_feast, layout_diamond_mine, basic_altar,
          uniq_jorgrun, uniq_erolcha
Elf:1:    layout_loops_corners, minmay_elf_sorcery, minivault_13
Elf:2:    elven_hall_of_blades_hangedman_original
          [nicolae_blade_entry_pointy_end], layout_rooms, uniq_louise
Vaults:1: gammafunk_ghost_cemetery, v_misc_26, hangedman_vaults_restitches,
          ontoclasm_vaults_ligature, hangedman_vaults_locks,
          vaults_room_corners, nicolae_vaults_circle_grid_a,
          nicolae_vaults_circle_grid_b, ontoclasm_vaults_spin, st_lattice,
          v_rooms_6, vaults_dpeg_encased_lava, v_misc_22, v_misc_17,
          vaults_dpeg_hooks, layout_vaults_omnibox, serial_shops,
          nicolae_lakefront_shop
Depths:1: layout_honeycomb, lightli_too_deep, serial_bayou_shore_b,
          eino_small_chamber_without_monster, minmay_orc_keep,
          nicolae_triple_integral
Depths:2: minmay_bloctagon_deflated, layout_basic, rand_demon_pan_entry_7,
          nicolae_uskayaw_dance_hall, abyss_entry, hell_entry,
          serial_bayou_shore_a, minmay_shop_grove, minmay_staircase_bubble,
          serial_bayou_shore_b
Depths:3: minmay_split_circle, layout_gridlike, abyss_entry, hell_entry,
          grunt_tower_of_power, infiniplex_staircase_pool_2
Depths:4: evilmike_zot_entry_argh, layout_cave_pools, enter_ziggurat_b,
          muffindrake_ghost_three_little_ghosts, serial_shops,
          nicolae_diamond_shop, shop, hangedman_decor_opposing,
          grunt_hell_entry_dis_mu, serial_bayou_shore_b, uniq_josephina
Arena

Skill      XL: |  1  2  3  4  5  6  7  8  9 10 11 12 13 14 15 16 17 18 19 20 21 22 23 |
---------------+----------------------------------------------------------------------+-----
Fighting       | 3 4 5 6 7 9 10 11 12 13 14 15 16 17 18 19 | 19.6
Ranged Weapons | 5 6 7 8 10 12 13 14 16 17 18 19 20 21 22 23 24 | 24.0
Invocations    | 2 4 6 8 10 13 | 13.0
Armour         | 5 8 9 11 14 16 17 18 19 20 21 | 21.1
Dodging        | 4 5 7 8 9 10 11 12 13 | 13.0
Shields        | 5 6 8 10 12 14 15 | 15.0
Stealth        | |  1.2

Action                   |  1- 3 |  4- 6 |  7- 9 | 10-12 | 13-15 | 16-18 | 19-21 | 22-24 || total
-------------------------+-------+-------+-------+-------+-------+-------+-------+-------++-------
Melee: Whip              |       |     1 |    55 |    54 |       |       |       |       ||   110
       Punch             |       |       |     1 |    14 |       |       |       |       ||    15
       Short sword       |       |       |       |   121 |       |       |       |       ||   121
       Quarterstaff      |       |       |       |    17 |       |       |       |       ||    17
       Triple crossbow   |       |       |       |       |       |       |       |     2 ||     2
 Fire: Shortbow          |    63 |   125 |   214 |   223 |       |       |       |       ||   625
       Hand crossbow     |       |       |       |   148 |   532 |  1174 |  1385 |    43 ||  3282
       Triple crossbow   |       |       |       |       |       |       |   165 |   627 ||   792
Throw: Dart              |       |     1 |       |       |       |       |     1 |       ||     2
       Throwing net      |       |       |       |     2 |     1 |       |     1 |       ||     4
       Boomerang         |       |       |       |       |     3 |       |       |     1 ||     4
Invok: Heroism           |       |       |     3 |    15 |     9 |    16 |    17 |    15 ||    75
       Finesse           |       |       |       |     2 |     1 |     4 |     5 |     5 ||    17
       Duel              |       |       |       |       |       |     1 |     1 |     5 ||     7
 Abil: Dig               |     1 |       |       |     1 |     1 |     3 |     2 |       ||     8
  Use: Scroll            |     4 |     2 |     2 |     4 |    12 |     9 |     5 |     1 ||    39
       Potion            |       |       |     1 |     7 |     2 |     4 |     3 |     2 ||    19
 Stab: Held in net/web   |       |       |       |     3 |       |       |       |       ||     3
Armor: Leather armour    |     5 |     8 |    29 |     7 |       |       |       |       ||    49
       Skin              |       |       |       |    16 |       |       |       |       ||    16
       Scale mail        |       |       |       |    55 |    27 |       |       |       ||    82
       Chain mail        |       |       |       |       |    72 |   335 |   386 |       ||   793
       Acid dragon scale |       |       |       |       |     6 |       |       |       ||     6
       Fire dragon scale |       |       |       |       |       |       |    13 |   152 ||   165
Dodge: Dodged            |     7 |    42 |    94 |   205 |   219 |   396 |   510 |   213 ||  1686
       Repelled          |       |       |       |     1 |     2 |       |       |       ||     3
Block: Buckler           |       |       |       |       |    10 |   101 |       |       ||   111
       Kite shield       |       |       |       |       |       |   295 |   836 |       ||  1131
       Tower shield      |       |       |       |       |       |       |   124 |   576 ||   700

Table legend: (Time is in decaauts)
 A = Elapsed time spent in this place.
 B = Non-inter-level travel time spent in this place.
 C = Inter-level travel time spent in this place.
 D = Time resting spent in this place.
 E = Time spent auto-exploring this place.
 F = Levels seen in this place.
 G = Mean time per level.
                   A        B        C        D        E       F      G
               +--------+--------+--------+--------+--------+-----+--------+
         Total |  42818 |  39819 |   2999 |   4048 |  25543 |  50 |  856.4 |
       Dungeon |  18597 |  17246 |   1351 |   2768 |  11498 |  15 | 1239.8 |
        Temple |     63 |     51 |     12 |      0 |     17 |   1 |   63.0 |
          Lair |   5130 |   4602 |    528 |    240 |   3515 |   5 | 1026.0 |
        Shoals |   4215 |   3941 |    274 |    133 |   2498 |   4 | 1053.8 |
     Snake Pit |   4819 |   4553 |    266 |    242 |   2976 |   4 | 1204.8 |
  Orcish Mines |   1287 |   1140 |    147 |     75 |    740 |   2 |  643.5 |
   Elven Halls |   2403 |   2153 |    250 |    186 |   1170 |   2 | 1201.5 |
        Vaults |    201 |    178 |     23 |      0 |     65 |   1 |  201.0 |
        Depths |   4626 |   4481 |    145 |    201 |   2745 |   4 | 1156.5 |
         Abyss |    333 |    333 |      0 |     94 |     46 |   1 |  333.0 |
         Trove |     48 |     48 |      0 |      0 |      0 |   1 |   48.0 |
        Bailey |    320 |    320 |      0 |      0 |     89 |   1 |  320.0 |
      Ice Cave |    415 |    415 |      0 |     20 |    173 |   1 |  415.0 |
       Volcano |    227 |    227 |      0 |     56 |     11 |   1 |  227.0 |
         Arena |    126 |    126 |      0 |     31 |      0 |   7 |   18.0 |
               +--------+--------+--------+--------+--------+-----+--------+

Top non-repeatable levels by time:
     D:8: 2196 daAuts
     D:9: 1768 daAuts
    D:15: 1735 daAuts
     D:5: 1602 daAuts
    D:14: 1594 daAuts
 Snake:2: 1558 daAuts
Depths:3: 1545 daAuts
  Lair:2: 1464 daAuts
     D:7: 1393 daAuts
    D:13: 1390 daAuts
Depths:4: 1357 daAuts
 Snake:3: 1355 daAuts
   Elf:1: 1310 daAuts
Shoals:4: 1288 daAuts
 Snake:4: 1253 daAuts
